Map: Pylon LE

Players

DnS - Winner!

  • Race: Protoss Protoss
  • Spawn Location: 11:00

OpTiMiStC

  • Race: Protoss Protoss
  • League: Master
  • Spawn Location: 5:00

Event: HomeStory Cup XXVII

VOD

Have the link to the VOD?

Description

Time

  • Played on: June 27, 2025, 8:32 a.m.
  • Length: 10:12

All games in this series

Show
View Real Time Build Order
Export as new Build Order

DnS Protoss - Winner!

Build Orders: Phoenix Opening, Blink Stalkers 

Get SALT Encoding   

  12  0:00  Probe  
  13  0:12  Probe  
  14  0:17  Pylon  
  14  0:24  Probe  
  15  0:32  Probe  
  15  0:37  Gateway  
  15  0:40  Probe  
  16  0:46  Assimilator  
  17  0:51  Probe  
  17  0:55  Assimilator  
  18  0:59  Probe  
  19  1:07  Probe  
  19  1:08  Gateway  
  19  1:17  Probe  
  20  1:24  Cybernetics Core  
  21  1:29  Probe  
  22  1:35  Pylon  
  22  1:41  Probe  
  23  1:53  Probe  
  24  1:57  Stalker  
  24  2:00  Warp Gate, Sentry  
  28  2:05  Probe  
  29  2:12  Pylon  
  29  2:23  Sentry  
  31  2:33  Phoenix  
  31  2:37  Nexus  
  31  2:40  Probe  
  31  2:42  Sentry  
  34  2:52  Probe  
  34  2:56  Twilight Council  
  35  3:04  Probe  
  36  3:08  Pylon  
  36  3:09  Blink  
  36  3:16  Shield Battery, Probe  
  37  3:24  Probe  
  37  3:32  Probe  
  39  3:43  Probe  
  39  3:48  Adept x2  
  44  3:49  Probe  
  44  3:55  Probe  
  46  4:01  Probe  
  47  4:07  Probe  
  47  4:08  Shield Battery  
  47  4:09  Stalker  
  50  4:10  Stalker  
  50  4:15  Probe  
  53  4:19  Probe  
  54  4:26  Nexus  
  54  4:30  Pylon  
  54  4:32  Probe  
  54  4:33  Probe  
  56  4:44  Probe  
  57  4:46  Probe, Assimilator  
  57  4:48  Adept  
  57  4:52  Stalker  
  60  4:56  Probe  
  60  4:57  Pylon  
  60  4:58  Probe  
  62  5:07  Forge  
  62  5:08  Probe  
  62  5:09  Robotics Facility  
  62  5:12  Stalker  
  62  5:13  Probe  
  66  5:18  Pylon  
  66  5:20  Probe  
  67  5:31  Probe  
  67  5:34  Protoss Ground Weapons Level 1, Charge  
  67  5:35  Stalker x2  
  70  5:40  Probe  
  70  5:41  Probe x2  
  71  5:49  Probe x2  
  64  5:52  Probe  
  64  5:57  Observer  
  67  5:58  Probe x2  
  70  6:05  Probe  
  71  6:14  Probe  
  71  6:15  Probe  
  71  6:17  Probe  
  71  6:18  Gateway  
  74  6:19  Gateway  
  74  6:20  Gateway  
  74  6:23  Gateway x2  
  74  6:26  Probe  
  74  6:27  Observer, Probe  
  74  6:29  Gateway  
  77  6:34  Probe  
  77  6:35  Stalker x2  
  82  6:44  Probe x2  
  82  6:45  Pylon  
  82  6:46  Probe  
  82  6:47  Pylon  
  85  6:52  Shield Battery  
  85  6:54  Immortal, Shield Battery  
  85  6:56  Probe  
  80  7:02  Zealot x2  
  88  7:14  Zealot x3  
  91  7:21  Zealot x2  
  90  7:22  Protoss Ground Weapons Level 2  
  90  7:29  Probe  
  88  7:30  Probe  
  88  7:32  Probe  
  88  7:33  Pylon, Warp Prism  
  90  7:41  Probe  
  91  7:47  Pylon  
  91  7:48  Probe x2  
  93  7:53  Probe  
  93  7:54  Templar Archives  
  94  7:59  Zealot x3  
  94  8:00  Probe, Zealot  
  94  8:04  Probe  
  104  8:06  Probe  
  105  8:14  Zealot x3  
  105  8:19  Gateway  
  111  8:21  Pylon  
  111  8:29  Nexus  
  111  8:40  Zealot x5  
  121  8:48  Immortal  
  125  8:54  High Templar x2  
  125  8:55  Probe  
  126  9:00  Archon  
  122  9:04  Pylon  
  122  9:05  Pylon  
  122  9:09  High Templar x4, Zealot  
  130  9:12  Pylon  
  130  9:13  Pylon, Archon x2, Photon Cannon  
  130  9:15  Pylon  
  130  9:18  Photon Cannon  
  130  9:32  Pylon  
  130  9:33  Zealot x4  
  126  9:41  Zealot x4  
  104  9:54  Zealot x4  
  110  10:03  Zealot x4  
Show
View Real Time Build Order
Export as new Build Order

OpTiMiStC Protoss 

Build Orders: Phoenix Opening, Archon Immortal 

Get SALT Encoding   

  12  0:00  Probe  
  13  0:12  Probe  
  14  0:16  Pylon  
  14  0:24  Probe  
  15  0:32  Probe  
  15  0:37  Gateway  
  15  0:42  Probe  
  16  0:45  Assimilator  
  17  0:53  Probe  
  17  0:55  Assimilator  
  18  1:01  Probe  
  18  1:09  Gateway, Probe  
  20  1:20  Probe  
  20  1:24  Cybernetics Core  
  21  1:32  Probe  
  22  1:36  Pylon  
  22  1:44  Probe  
  23  1:56  Probe  
  23  2:01  Sentry  
  28  2:16  Nexus  
  28  2:21  Pylon  
  28  2:26  Sentry  
  28  2:28  Stalker  
  28  2:31  Warp Gate  
  28  2:33  Probe  
  31  2:44  Probe  
  32  2:52  Probe, Robotics Facility  
  33  3:00  Probe  
  33  3:01  Pylon  
  34  3:06  Stalker  
  34  3:11  Probe  
  36  3:17  Phoenix  
  37  3:23  Probe  
  37  3:24  Probe  
  38  3:30  Immortal  
  38  3:32  Probe  
  38  3:33  Sentry  
  41  3:36  Probe  
  47  3:48  Probe x2  
  49  3:54  Pylon  
  49  4:04  Nexus  
  49  4:06  Probe  
  49  4:08  Probe  
  51  4:12  Observer  
  52  4:20  Adept x2  
  52  4:24  Phoenix, Probe  
  57  4:26  Probe  
  57  4:27  Twilight Council  
  58  4:32  Forge  
  58  4:38  Shield Battery  
  58  4:44  Immortal  
  58  4:45  Probe x2  
  58  4:57  Probe x2  
  58  4:58  Charge  
  64  5:00  Shield Battery  
  64  5:06  Protoss Ground Weapons Level 1  
  64  5:09  Probe x2  
  64  5:12  Probe  
  66  5:17  Probe  
  67  5:21  Probe  
  67  5:28  Probe  
  67  5:31  Probe  
  67  5:33  Probe, Zealot x2  
  67  5:34  Phoenix  
  73  5:38  Immortal  
  71  5:47  Probe x2  
  72  5:52  Probe  
  72  5:55  Gateway x2  
  71  5:59  Probe  
  72  6:08  Warp Prism, Zealot x2  
  76  6:14  Probe x2  
  78  6:19  Probe  
  79  6:26  Probe x2  
  79  6:29  Photon Cannon  
  79  6:30  Zealot x2  
  85  6:36  Templar Archives  
  85  6:39  Pylon  
  85  6:50  Pylon  
  85  6:55  Probe x2  
  85  6:57  Probe  
  80  7:05  Zealot x4  
  80  7:08  Probe  
  87  7:10  Probe x2  
  89  7:19  Gateway  
  89  7:20  Probe  
  89  7:21  Gateway  
  89  7:22  Immortal, Probe  
  87  7:29  Zealot  
  84  7:30  Zealot x3  
  84  7:32  Probe  
  89  7:52  Nexus  
  89  7:55  Gateway  
  89  7:57  Gateway  
  89  7:58  Zealot x3  
  89  8:00  Zealot  
  89  8:01  Immortal  
  101  8:05  Pylon  
  101  8:07  Gateway  
  101  8:08  Pylon  
  101  8:09  Gateway  
  101  8:14  Pylon  
  101  8:22  Pylon  
  101  8:23  Pylon  
  101  8:25  Pylon  
  99  8:28  High Templar x2  
  99  8:32  Archon  
  99  8:33  Probe x3  
  106  8:35  Zealot x4  
  106  8:37  Zealot  
  106  8:38  Zealot x3  
  114  8:45  Probe  
  114  8:49  Forge  
  114  8:51  Zealot x2  
  114  8:55  Warp Prism  
  116  9:02  Forge, Shield Battery  
  116  9:08  Shield Battery  
  118  9:10  High Templar x2  
  118  9:11  Zealot x7  
  118  9:15  Archon  
  136  9:19  Probe x3  
  136  9:23  Probe  
  140  9:31  Probe, Zealot x3  
  122  9:46  Zealot x4  
  122  9:47  Zealot x3  
  108  9:58  Zealot  
Tags
 
Add a new tag
Caveats
  • Supply blocks, unpowered buildings, or Contaminate may cause inaccurate times.
  • Supply counts are checked every 10 seconds.